 Dungeon Crawl Stone Soup version 0.32-a0-22-g6ae6769602 (webtiles) character file.

Game seed: 5649289017333272309

444 Aldia the Ruffian (level 7, -3/52 HPs)
             Began as a Merfolk Shapeshifter on Jan 18, 2024.
             Was an Initiate of Nemelex Xobeh.
             Slain by a gnoll sergeant
             ... wielding a +0 trident
              (8 damage)
             ... on level 5 of the Dungeon.
             The game lasted 00:07:52 (4339 turns).

Aldia the Ruffian (Merfolk Shapeshifter)            Turns: 4339, Time: 00:07:52

Health: -3/52      AC:  3    Str: 17    XL:     7   Next: 3%
Magic:  0/7        EV: 13    Int:  9    God:    Nemelex Xobeh [......]
Gold:   342        SH:  0    Dex: 13    Spells: 6/6 levels left

rFire   . .          .
                       - Unarmed
rCold   . . .        (no shield)
rNeg    . . .        i - +0 leather armour
rPois   .            (helmet currently unavailable)
rElec   .            (cloak currently unavailable)
rCorr   .            (gloves currently unavailable)
SInv    +            (boots currently unavailable)
Will    .....        m - amulet of guardian spirit
Stlth   +            t - ring of see invisible
HPRegen 0.28/turn    (no ring)
MPRegen 0.10/turn

%: guardian spirit
@: beast-form
A: beast (slay +3), (nimble swimmer 2), mertail
a: Begin Untransformation, Renounce Religion, Draw Escape, Draw Destruction,
Draw Summoning


You were on level 5 of the Dungeon.
You worshipped Nemelex Xobeh.
Nemelex Xobeh was noncommittal.
You were a hulking beast.
You visited 1 branch of the dungeon, and saw 5 of its levels.

You collected 342 gold pieces.

Inventory:

Missiles
 b - 3 datura-tipped darts
 k - 9 curare-tipped darts (quivered)
Armour
 a - a +0 animal skin
 g - a +0 helmet
 i - a +0 leather armour (worn)
 l - a +0 cloak
Jewellery
 m - an amulet of guardian spirit (around neck)
 t - a ring of see invisible (left hand)
Talismans
 c - a beast talisman
 d - a flux talisman
Scrolls
 e - a scroll of fog
 f - a scroll of vulnerability
 h - a scroll of fear {unknown}
 o - a scroll of enchant armour {unknown}
 p - 2 scrolls of teleportation {unknown}
 q - a scroll of amnesia {unknown}
 r - 2 scrolls of revelation {unknown}
 u - a scroll of identify
 v - a scroll of poison {unknown}
Potions
 j - a potion of enlightenment
 n - a potion of mutation {unknown}
 s - 2 potions of curing


   Skills:
 - Level 3.2 Fighting
 + Level 4.9 Dodging
 * Level 5.9 Unarmed Combat
 + Level 0.5 Invocations
 + Level 5.5 Shapeshifting


You had 6 spell levels left.
You didn't know any spells.
Your spell library contained the following spells:

 Spells                   Type           Power      Damage    Failure   Level
 Apportation              Tloc           0%         N/A       45%         1
 Freeze                   Ice            0%         1d3       45%         1
 Necrotise                Necr           0%         1d4       45%         1
 Sting                    Conj/Alch      0%         1d3       45%         1
 Summon Small Mammal      Summ           0%         N/A       45%         1
 Frozen Ramparts          Ice            0%         1d1       83%         3
 Hailstorm                Conj/Ice       0%         3d5       83%         3


Dungeon Overview and Level Annotations

Branches:
Dungeon (5/15)
 Temple: D:4-7

Altars:
Nemelex Xobeh

Shops:
D:2 =


Innate Abilities, Weirdness & Mutations

You are a hulking beast.
Your limbs bulge with bestial killing power. (Slay +3)
((You are very nimble when in or above water. (Stealth+, EV+, Speed+++)))
Your lower body shifts to a powerful aquatic tail in water.


Message History

Okay, then.
Okay, then.
The gnoll sergeant misses you.
You closely miss the gnoll sergeant. The gnoll sergeant closely misses you.
You punch the gnoll sergeant!
The gnoll sergeant is moderately wounded.
The gnoll hits you from afar with a +0 halberd.
The gnoll sergeant barely misses you.
You hit the gnoll sergeant.
The gnoll sergeant is heavily wounded.
The gnoll hits you from afar with a +0 halberd.
The gnoll sergeant hits you with a +0 trident!
You hit the gnoll sergeant but do no damage.
The gnoll sergeant is heavily wounded.
The gnoll closely misses you.
The gnoll sergeant hits you with a +0 trident!
You are too injured to fight recklessly!
You are too injured to fight recklessly!
You are too injured to fight recklessly!
You hit the gnoll sergeant.
The gnoll sergeant is heavily wounded.
The gnoll misses you.
You hit the gnoll sergeant but do no damage.
The gnoll sergeant is heavily wounded.
The gnoll sergeant misses you.
You hit the gnoll sergeant.
The gnoll sergeant is heavily wounded.
The gnoll hits you from afar with a +0 halberd.
The gnoll sergeant hits you with a +0 trident.
You barely miss the gnoll sergeant.
The gnoll sergeant is heavily wounded.
The gnoll hits you from afar with a +0 halberd!
* * * LOW HITPOINT WARNING * * *
The gnoll sergeant misses you. The gnoll sergeant blocks your attack.
The gnoll sergeant is heavily wounded.
The gnoll barely misses you.
The gnoll sergeant hits you with a +0 trident!
You die...
Your body disappears without a glow.

#.### #...# #...# ####...#
#...>..# .# #......# .#
#########....### .#
#........###.# .#
#........# #h#
.####........###g##
................gg#
....#....########g########
.........#.......g.......#
....#....#...........g...#
....#....#...$#######.g..#
....##.###... g..#
#...##.# $. ..#


You could see a gnoll sergeant and 4 gnolls.

Vanquished Creatures
  An ogre (D:5)
  A phantom (D:4)
  A howler monkey (D:4)
  A bombardier beetle (D:4)
  An orc priest (D:5)
  An iguana (D:4)
  2 orc wizards
  3 adders
  A white imp (D:4)
  2 ufetubi (D:4)
  A ribbon worm (D:3)
  A dart slug (D:1)
  5 orcs
  3 ball pythons
  8 bats
  7 endoplasms
  4 giant cockroaches
  7 goblins
  4 hobgoblins
  3 quokkas
  4 frilled lizards
  2 kobolds (D:1)
  6 rats
69 creatures vanquished.

Notes
Turn   | Place    | Note
-------+----------+-------------------------------------------
     0 | D:1      | Aldia the Merfolk Shapeshifter began the quest for the Orb.
     0 | D:1      | Reached XP level 1. HP: 15/15 MP: 1/1
   267 | D:1      | Reached XP level 2. HP: 21/21 MP: 2/2
   386 | D:1      | You fall into a shaft and drop 1 floor!
   855 | D:1      | Reached XP level 3. HP: 20/26 MP: 1/3
  1137 | D:2      | Found a faded altar of an unknown god.
  1340 | D:2      | Found Povolo's Jewellery Emporium.
  1627 | D:3      | Reached XP level 4. HP: 33/33 MP: 4/4
  2765 | D:4      | Found a sparkling altar of Nemelex Xobeh.
  3037 | D:4      | Reached XP level 5. HP: 38/38 MP: 5/5
  3570 | D:5      | Entered Level 5 of the Dungeon
  3611 | D:5      | Noticed an ogre
  3626 | D:4      | Reached skill level 5 in Unarmed Combat
  3626 | D:4      | Reached skill level 5 in Shapeshifting
  3701 | D:4      | Reached XP level 6. HP: 45/46 MP: 6/6
  4041 | D:4      | Became a worshipper of Nemelex Xobeh the Trickster
  4072 | D:5      | HP: 1/47 [orc wizard/+0 dagger (2)]
  4075 | D:5      | Reached XP level 7. HP: 2/52 MP: 0/7
  4339 | D:5      | Slain by a gnoll sergeant

Illustrated notes

Levels and vault maps discovered:
D:1:      kilobyte_arrival_exit_the_forest, layout_loops_cross
D:2:      layout_basic, ebering_ecumenical_altar_mist, serial_shops, shop,
          kennysheep_generic_room_12
D:3:      layout_basic
D:4:      layout_basic, mainiacjoe_overflow_small_starburst
D:5:      lemuel_insect_pit, layout_basic, minmay_misc_feat_enclosed,
          pf_guarded_unrand_woodcutter

Skill      XL: |  1  2  3  4  5  6 |
---------------+-------------------+-----
Dodging        | 3 4 |  4.9
Unarmed Combat | 4 5 |  5.9
Fighting       | 2 3 |  3.2
Shapeshifting  | 5 |  5.5
Invocations    | |  0.5

Action                     |  1- 3 |  4- 6 |  7- 9 || total
---------------------------+-------+-------+-------++-------
  Melee: Unarmed           |    95 |   130 |     9 ||   234
         Tailslap          |     1 |       |       ||     1
         Punch             |     3 |     4 |       ||     7
    Use: Scroll            |       |     4 |       ||     4
         Potion            |       |     1 |       ||     1
   Stab: Sleeping          |     2 |       |       ||     2
         Distracted        |       |     1 |       ||     1
 Armour: Animal skin       |     4 |       |       ||     4
         Leather armour    |    35 |    68 |     8 ||   111
         Skin              |       |     1 |       ||     1
  Dodge: Dodged            |    59 |    64 |     8 ||   131

Table legend: (Time is in decaauts)
 A = Elapsed time spent in this place.
 B = Non-inter-level travel time spent in this place.
 C = Inter-level travel time spent in this place.
 D = Time resting spent in this place.
 E = Time spent auto-exploring this place.
 F = Levels seen in this place.
 G = Mean time per level.
                   A        B        C        D        E       F      G
               +--------+--------+--------+--------+--------+-----+--------+
         Total |   4318 |   4012 |    306 |    447 |   2820 |   5 |  863.6 |
       Dungeon |   4318 |   4012 |    306 |    447 |   2820 |   5 |  863.6 |
               +--------+--------+--------+--------+--------+-----+--------+

Top non-repeatable levels by time:
     D:4: 1308 daAuts
     D:3: 1001 daAuts
     D:1: 853 daAuts
     D:2: 721 daAuts
     D:5: 434 daAuts
